 Dungeon Crawl Stone Soup version 0.31.0-11-ge490571c62 (webtiles) character file.

Game seed: 2788929824160707494

8 browni3141 the Conjurer (level 2, 19/19 HPs)
             Began as a Demonspawn Conjurer on Jan 30, 2024.
             Got out of the dungeon alive.
             The game lasted 00:00:08 (484 turns).

browni3141 the Conjurer (Demonspawn Conjurer)        Turns: 484, Time: 00:00:08

Health: 19/19      AC:  3    Str:  7    XL:     2   Next: 0%
Magic:  5/5        EV: 12    Int: 18    God:
Gold:   30         SH:  0    Dex: 11    Spells: 4/5 levels left

rFire   . . .        (no weapon)
rCold   . . .        (no shield)
rNeg    . . .        a - +0 robe
rPois   .            (no helmet)
rElec   .            (no cloak)
rCorr   .            (no gloves)
SInv    .            (no boots)
Will    .....        (no amulet)
Stlth   ++           (no ring)
HPRegen 0.23/turn    (no ring)
MPRegen 0.09/turn

%: no passive effects
@: no status effects
A: sharp scales 1
a: no special abilities


You escaped.
You visited 1 branch of the dungeon, and saw 1 of its levels.

You collected 30 gold pieces.

Inventory:

Armour
 a - a +0 robe (worn)
Scrolls
 c - 3 scrolls of identify {unknown}
Potions
 b - 2 potions of magic
 d - a potion of berserk rage {unknown}
 e - a potion of curing {unknown}


   Skills:
 + Level 2.0 Dodging
 + Level 2.0 Stealth
 + Level 2.1 Spellcasting
 + Level 4.1 Conjurations


You had 4 spell levels left.
You knew the following spells:

 Your Spells              Type           Power      Damage    Failure   Level
a - Magic Dart            Conj           64%        1d6       3%          1

Your spell library contained the following spells:

 Spells                   Type           Power      Damage    Failure   Level
 Searing Ray              Conj           32%        2d5       4%          2
 Fulminant Prism          Conj/Alch      4%         3d5       58%         4
 Iskenderun's Mystic Bla  Conj/Tloc      9%         2d4       58%         4


Dungeon Overview and Level Annotations

Branches:
Dungeon (1/15)

Altars:


Innate Abilities, Weirdness & Mutations

You are partially covered in razor-sharp scales. (AC +1, Slay +1)


Message History

Will you prevail where others failed? Will you find the Orb of Zot?
Press ? for a list of commands and other information.
Found a hand axe.
Found two stairs.
No target in view!
Setting a skill training target for Axes at 18.0.
Setting a skill training target for Invocations at 14.0.
Setting a skill training target for Throwing at 11.0.
You open the door.
There is an open door here.
You see here a +0 chain mail.
c - a scroll labelled OCKINK IHOSTOC You see here a staff of alchemy.
d - a sedimented ruby potion You see here a staff of alchemy.
c - 2 scrolls labelled OCKINK IHOSTOC (gained 1)
An endoplasm comes into view.
An endoplasm is nearby!
The magic dart hits the endoplasm.
You kill the endoplasm!
You can't see any susceptible monsters within range! (Use Z to cast anyway.)
You can't see any susceptible monsters within range! (Use Z to cast anyway.) Magic restored.
You open the door.
There is an open door here.
A malevolent force fills the Dungeon... and a teleportation trap spontaneously manifests!
You are yanked towards a nearby monster!
Your surroundings suddenly seem different.
A hobgoblin comes into view.
A hobgoblin is nearby!
A hobgoblin is nearby!
The magic dart hits the hobgoblin.
The hobgoblin is severely wounded.
The hobgoblin shouts!
The magic dart hits the hobgoblin.
The hobgoblin is almost dead.
The magic dart hits the hobgoblin.
You kill the hobgoblin!
You are out of magic!
You now have 7 gold pieces.
c - 3 scrolls labelled OCKINK IHOSTOC (gained 1)
An endoplasm comes into view.
An endoplasm is nearby!
An endoplasm is nearby!
The magic dart hits the endoplasm.
The endoplasm is moderately wounded.
The magic dart hits the endoplasm.
The endoplasm is severely wounded.
The magic dart hits the endoplasm.
You kill the endoplasm!
You are out of magic!
You see here a staff of alchemy.
You open the door.
There is an open door here.
e - a fizzy white potion You open the door.
You open the door.
There is an open door here.
A bat comes into view.
A bat is nearby!
The magic dart hits the bat.
The bat is severely wounded.
The magic dart hits the bat.
You kill the bat!
You can't see any susceptible monsters within range! (Use Z to cast anyway.)
You now have 14 gold pieces (gained 7).
b - 2 potions of magic (gained 1)
You open the door.
There is an open door here.
There is a stone staircase leading down here.
There is a stone staircase leading down here.
There is a stone staircase leading down here.
As you open the door, it creaks loudly!
There is an open door here.
You now have 30 gold pieces (gained 16).
A hobgoblin comes into view.
A hobgoblin is nearby!
The magic dart hits the hobgoblin.
You kill the hobgoblin!
Your Stealth skill increases to level 2!
You can't see any susceptible monsters within range! (Use Z to cast anyway.)
You can't see any susceptible monsters within range! (Use Z to cast anyway.)
An endoplasm comes into view.
An endoplasm is nearby!
An endoplasm is nearby!
An endoplasm is nearby!
The magic dart hits the endoplasm.
The endoplasm is severely wounded.
The magic dart hits the endoplasm.
You kill the endoplasm!
Your Dodging skill increases to level 2!
You have reached level 2!
Your demonic ancestry asserts itself...
Sharp scales grow over part of your body.
You open the door.
There is an open door here.
There is an open door here.
You see here a +0 chain mail.
There is an open door here.
There is a staircase leading out of the dungeon here.
You have escaped!

......# ##.....##
#..#####.# ##.####
##...## #..#####.# #.#
##'## #........## #.#
#.# #.######... #.# #.#
#.# #### #.# #.# #.#
#.################## #.#
#.#........#.......###.#
#.......##.+...@...'.#.#
###.###.####.......#.[.#
#.# #....##########.##
#.########.......#..#
#........'.>.>.>.'.##
##########)......###
#########


There were no monsters in sight!

Vanquished Creatures
  A bat (D:1)
  3 endoplasms (D:1)
  2 hobgoblins (D:1)
6 creatures vanquished.

Notes
Turn   | Place    | Note
-------+----------+-------------------------------------------
     0 | D:1      | browni3141 the Demonspawn Conjurer began the quest for the
                  | Orb.
     0 | D:1      | Reached XP level 1. HP: 13/13 MP: 3/3
   437 | D:1      | Gained mutation: You are partially covered in razor-sharp
                  | scales. (AC +1, Slay +1) [demonic ancestry]
   437 | D:1      | Reached XP level 2. HP: 19/19 MP: 1/5
   484 | D:$      | Got out of the dungeon alive.

Illustrated notes

Levels and vault maps discovered:
D:1:      minmay_arrival_up_and_down, layout_loops_corners

Skill      XL: |  1 |
---------------+----+-----
Stealth        | 2 |  2.0
Dodging        | 2 |  2.0
Spellcasting   | |  2.1
Conjurations   | |  4.1

Action                     || total
---------------------------++-------
   Cast: Magic Dart        ||    12
